 Dungeon Sprint DCSS version 0.27-a0-1137-g3ef0f4ec91 (webtiles) character file.

Game seed: 14417881743712189170

4641 mhtbhm the Scorcher (level 10, -7/51 HPs)
             Began as a Deep Elf Fire Elementalist on May 7, 2021.
             Was the Champion of Vehumet.
             Mangled by a ghost moth (9 damage)
             ... called by a spriggan druid
             ... in the Dungeon (Sprint V: "Ziggurat Sprint").
             The game lasted 00:03:57 (1086 turns).

mhtbhm the Scorcher (Deep Elf Fire Elementalist)    Turns: 1086, Time: 00:03:57

Health: -7/51      AC:  7    Str:  4 (5)  XL:     10   Next: 20%
Magic:  0/30       EV: 17    Int: 39      God:    Vehumet [******]
Gold:   0          SH:  0    Dex: 15      Spells: 15/37 levels left

rFire    + . .     SeeInvis .   B - +8 lance "Wyrmbane" {slay drac, rPois rF+ rC+ AC+3}
rCold    + . .     Faith    .   (no shield)
rNeg     . . .     Spirit   .   a - +0 robe
rPois    +         Reflect  .   E - +1 helmet {Int+3}
rElec    .         Harm     .   (no cloak)
rCorr    .         Rampage  .   (no gloves)
Will     +....     NoTele   +   (no boots)
Stlth    ++++......             (no amulet)
HPRegen  0.17/turn              u - +6 ring of intelligence
MPRegen  0.22/turn              v - +6 ring of intelligence

@: no status effects
A: no striking features
a: Renounce Religion


You were in the Dungeon.
You worshipped Vehumet.
Vehumet was exalted by your worship.
You visited 1 branch

Inventory:

Hand Weapons
 B - the +8 lance "Wyrmbane" (weapon) {slay drac, rPois rF+ rC+ AC+3}
   (You found it in the Dungeon)

   It affects your AC (+3).
   It protects you from fire.
   It protects you from cold.
   It protects you from poison.
Armour
 a - a +0 robe (worn)
 E - a +1 helmet of intelligence (worn)
Jewellery
 r - a ring of protection from cold
 s - a +6 ring of dexterity
 u - a +6 ring of intelligence (left hand)
 v - a +6 ring of intelligence (right hand)
Wands
 y - a wand of mindburst (7)
 z - a wand of iceblast (5)
 A - a wand of acid (4)
Scrolls
 h - 4 scrolls of blinking
 m - 4 scrolls of amnesia
 n - 7 scrolls of fog
 o - a scroll of holy word
 p - 5 scrolls of identify
 q - a scroll of fear
Potions
 b - 2 potions of brilliance
 c - 10 potions of curing
 d - 10 potions of heal wounds
 e - 6 potions of haste
 f - 7 potions of magic
 g - 3 potions of berserk rage
 i - 2 potions of invisibility
 j - 4 potions of resistance
 k - a potion of experience
 l - 5 potions of might
Miscellaneous
 C - a lightning rod (4/4)
 D - a box of beasts
 F - a tin of tremorstones (2/2)


   Skills:
 + Level 0.4 Fighting
 + Level 9.5 Dodging
 + Level 7.8 Stealth
 + Level 14.3 Spellcasting
 + Level 7.9 Conjurations
 + Level 17.0 Fire Magic
 + Level 8.3 Evocations


You had 15 spell levels left.
You knew the following spells:

 Your Spells              Type           Power      Damage    Failure   Level
a - Foxfire               Conj/Fire      100%       2x1d9     0%          1
b - Conjure Flame         Conj/Fire      90%        6-21      0%          3
c - Inner Flame           Hex/Fire       76%        N/A       1%          3
d - Sticky Flame          Conj/Fire      90%        2d10      1%          4
e - Fireball              Conj/Fire      45%        3d18      1%          5
f - Iron Shot             Conj/Erth      28%        9d6       11%         6

Your spell library contained the following spells:

 Spells                   Type           Power      Damage    Failure   Level
 Olgreb's Toxic Radiance  Pois           28%        N/A       3%          4
 Magic Dart               Conj           100%       1d8       1%          1
 Fulminant Prism          Conj/Hex       28%        3d14      1%          4
 Teleport Other           Tloc           28%        N/A       3%          3
 Manifold Assault         Tloc           28%        N/A       32%         5


Dungeon Overview and Level Annotations

Branches:
Dungeon (1/1)

Altars:
Ashenzari
Cheibriados
Dithmenos
Elyvilon
Fedhas
Gozag
Hepliaklqana
Kikubaaqudgha
Makhleb
Nemelex Xobeh
Okawaru
Qazlal
Ru
Sif Muna
Trog
Uskayaw
Vehumet
Wu Jian
Xom
Yredelemnul
Zin
The Shining One
Beogh
Jiyva
Lugonu


Message History

Vehumet accepts your kill.
You feel your power returning.
You feel you are being watched by something.
You feel your power leaking away.
Your Spellcasting skill increases to level 14!
Your Evocations skill increases to level 8!
You have reached level 10!
Unknown command.
Aiming: Corrosive Bolt
Press: ? - help, Shift-Dir - straight line, f - naga mage
Aim: a naga mage, wielding a +0 club (severely wounded, catching its breath, 74% to hit)
The bolt of acid hits something!
The acid corrodes something!
The bolt of acid hits the naga mage!!
The naga mage is splashed with acid!
The acid corrodes the naga mage!
You kill the naga mage!
Vehumet accepts your kill.
You feel your power returning.
You feel you are being watched by something.
You feel your power leaking away. Something hits you!
You feel weakened.
Deactivating autopickup; reactivate with Ctrl-A.
Something hits you!
You feel clumsy. Something stings you!
You feel your dexterity returning.
Your Fire Magic skill increases to level 17!
Aiming: Corrosive Bolt
Press: ? - help, Shift-Dir - straight line, f - naga
Aim: a naga, wielding a +0 war axe (74% to hit)
The bolt of acid hits something!
Something seems to be corroded for longer.
The bolt of acid hits the naga!
The naga is splashed with acid.
The naga is severely wounded.
Something hits you!
* * * LOW HITPOINT WARNING * * *
Something hits you!
* * * LOW HITPOINT WARNING * * *
Something stings you!
You die...

▓..8©8..▓
▓..))[|...▓..[)}..▓
▓...=)|...▓..†)[..▓
▓.........▓.......▓
▓...†N....▓...)...▓
▓...)†....▓...)...▓
▓.........▓.......▓
▓.........▓.▓.†.▓.▓
▓....@....▓...©...▓
▓▓▓▓▓▓▓▓▓▓▓▓▓▓▓▓▓▓▓
▓..8©8..▓ ▓...|...▓
▓...))..▓ ▓.......▓
▓.).†...▓ ▓.).)...▓
▓.......▓


You could see a naga.

Vanquished Creatures
  A sea snake (D)
  A spriggan druid (D)
  2 ugly things (D)
  A naga mage (D)
  A black mamba (D)
  A merfolk (D)
  3 wind drakes (D)
  A spriggan (D)
  2 nagas (D)
  3 black bears (D)
  3 necrophages (D)
  A boggart (shapeshifter) (D)
  2 centaurs (D)
  A wolf (D)
  A bullfrog (D)
  An iguana (D)
  An adder (D)
  3 river rats (D)
  2 adder skeletons (D)
  An adder zombie (D)
  A worm (shapeshifter) (D)
  A ball python (D)
  A bat skeleton (D)
  A bat zombie (D)
  A ball python zombie (D)
37 creatures vanquished.

Vanquished Creatures (others)
  2 foxfires (D)
2 creatures vanquished.

Grand Total: 39 creatures vanquished

Notes
Turn   | Place    | Note
-------+----------+-------------------------------------------
     0 | D        | mhtbhm the Deep Elf Fire Elementalist began the quest for
                  | the Orb.
     0 | D        | Reached XP level 1. HP: 10/10 MP: 6/6
     0 | D        | Found a blossoming altar of Fedhas.
     1 | D        | Found the +6 Majin-Bo {vamp, MP+6 Int+6}
     1 | D        | Found the +9 heavy crossbow "Sniper" {vorpal, Acc+∞ SInv}
     1 | D        | Found the +10 dark maul {vorpal}
     1 | D        | Found the +15 Maxwell's patent armour {-Cast -Tele rElec
                  | Will+ rCorr}
     1 | D        | Found the +18 shield of the Gong {rElec rN+ Will+ EV-5}
     1 | D        | Found the +14 obsidian axe {vorpal, Drain Fly SInv}
     1 | D        | Found the +7 great mace "Firestarter" {inner flame, rF++}
     1 | D        | Found the +6 shillelagh "Devastator" {shatter}
     1 | D        | Found the +11 plutonium sword {Contam Stlth-}
     1 | D        | Found the +8 lance "Wyrmbane" {slay drac, rPois rF+ rC+
                  | AC+3}
     1 | D        | Found the +9 sword of Zonguldrok {reap}
     1 | D        | Found the +13 scythe of Curses {drain, Drain}
     1 | D        | Found the +5 sword of Power {vorpal}
     1 | D        | Found the +7 mace of Variability {chain chaos}
     1 | D        | Found the +7 Singing Sword {vorpal, sonic wave}
     1 | D        | Found the +8 storm bow {elec, penet}
     1 | D        | Found a shimmering blue altar of Sif Muna.
     1 | D        | Found a sacrificial altar of Ru.
     1 | D        | Found a bloodstained altar of Trog.
     1 | D        | Found a stormy altar of Qazlal.
     1 | D        | Found an iron altar of Okawaru.
     1 | D        | Found a sparkling altar of Nemelex Xobeh.
     3 | D        | Found a transporter.
     3 | D        | Found an ancient bone altar of Kikubaaqudgha.
     3 | D        | Found a viscous altar of Jiyva.
     3 | D        | Found a corrupted altar of Lugonu.
     3 | D        | Found a hazy altar of Hepliaklqana.
     3 | D        | Found a burning altar of Makhleb.
     3 | D        | Found an opulent altar of Gozag.
    37 | D        | Became a worshipper of Vehumet
    51 | D        | Entered arena 2.
    51 | D        | Noticed an iguana
    51 | D        | Found a transporter.
    53 | D        | Reached skill level 4 in Fire Magic
    53 | D        | Reached XP level 2. HP: 15/15 MP: 6/8
    54 | D        | Reached skill level 6 in Fire Magic
    54 | D        | Reached XP level 3. HP: 19/19 MP: 7/11
   191 | D        | Learned a level 3 spell: Conjure Flame
   195 | D        | Learned a level 3 spell: Inner Flame
   203 | D        | Entered arena 3.
   203 | D        | Noticed a bullfrog
   203 | D        | Found a transporter.
   204 | D        | Reached * piety under Vehumet
   204 | D        | Offered knowledge of Shock by Vehumet.
   205 | D        | Killed a bullfrog
   206 | D        | Reached skill level 5 in Spellcasting
   206 | D        | Reached skill level 8 in Fire Magic
   206 | D        | Reached skill level 1 in Evocations
   206 | D        | Reached XP level 4. HP: 24/24 MP: 11/13
   233 | D        | Learned a level 4 spell: Sticky Flame
   233 | D        | Entered arena 4.
   233 | D        | Noticed a necrophage
   233 | D        | Found a transporter.
   236 | D        | Reached ** piety under Vehumet
   246 | D        | Killed a necrophage
   247 | D        | Reached skill level 5 in Dodging
   247 | D        | Reached skill level 9 in Fire Magic
   247 | D        | Reached XP level 5. HP: 20/28 MP: 1/16
   253 | D        | Learned a level 5 spell: Fireball
   448 | D        | Entered arena 5.
   448 | D        | Noticed a green ugly thing
   448 | D        | Noticed a wolf
   448 | D        | Noticed a cyan ugly thing
   448 | D        | Found a transporter.
   449 | D        | Noticed a boggart
   449 | D        | a scorpion changed into a boggart
   450 | D        | a wolf changed into a worm
   451 | D        | Killed a boggart
   451 | D        | Offered knowledge of Freeze by Vehumet.
   451 | D        | Reached *** piety under Vehumet
   452 | D        | Reached skill level 5 in Stealth
   452 | D        | Reached skill level 10 in Fire Magic
   452 | D        | Reached XP level 6. HP: 32/32 MP: 12/18
   461 | D        | Killed a green ugly thing
   462 | D        | Reached skill level 12 in Fire Magic
   462 | D        | Reached XP level 7. HP: 36/36 MP: 6/22
   463 | D        | Killed a green ugly thing
   464 | D        | Reached skill level 10 in Spellcasting
   464 | D        | Reached skill level 13 in Fire Magic
   464 | D        | Reached skill level 5 in Evocations
   464 | D        | Reached XP level 8. HP: 41/41 MP: 7/24
   619 | D        | Entered arena 6.
   619 | D        | Found a transporter.
   620 | D        | Reached **** piety under Vehumet
   627 | D        | Got the ring of the Duchess {Fly rElec}
   753 | D        | Entered arena 7.
   753 | D        | Noticed a spriggan druid
   754 | D        | Offered knowledge of Ignite Poison by Vehumet.
   755 | D        | Reached skill level 14 in Fire Magic
   756 | D        | Reached ***** piety under Vehumet
   757 | D        | Killed a spriggan druid
   758 | D        | Reached skill level 5 in Conjurations
   758 | D        | Reached skill level 15 in Fire Magic
   758 | D        | Reached XP level 9. HP: 45/45 MP: 9/27
   759 | D        | Found a transporter.
   868 | D        | Entered arena 8.
   868 | D        | Noticed a sea snake
   868 | D        | Noticed a wind drake
   868 | D        | Noticed a merfolk
   868 | D        | Noticed a wind drake
   868 | D        | Noticed a wind drake
   870 | D        | Killed a wind drake
   871 | D        | Killed a merfolk
   872 | D        | Killed a wind drake
   872 | D        | Reached ****** piety under Vehumet
   873 | D        | Reached skill level 16 in Fire Magic
   874 | D        | Killed a sea snake
   877 | D        | Killed a wind drake
  1055 | D        | Found a transporter.
  1065 | D        | Got Sif Muna's Catalogue of Warped Combat Magic
  1077 | D        | Learned a level 6 spell: Iron Shot
  1080 | D        | Entered arena 9.
  1080 | D        | Noticed a black mamba
  1080 | D        | Noticed a naga mage
  1081 | D        | Offered knowledge of Olgreb's Toxic Radiance by Vehumet.
  1084 | D        | Killed a black mamba
  1085 | D        | Reached XP level 10. HP: 49/50 MP: 0/30
  1085 | D        | Killed a naga mage
  1086 | D        | Reached skill level 17 in Fire Magic
  1086 | D        | HP: 2/51 [something (8)]
  1086 | D        | Mangled by a ghost moth

Illustrated notes

Levels and vault maps discovered:
D:        sprint_v [room_start, room_1, room_2, room_3, room_4, room_5, room_6,
          room_7, room_8, room_9, room_10, room_11, room_12, room_13, room_14,
          room_15, room_16, room_17, room_18, room_19, room_20, room_21,
          room_22, room_23, room_24, room_25, room_26, room_27]

Skill      XL: |  1  2  3  4  5  6  7  8  9 10 |
---------------+-------------------------------+-----
Fire Magic     | 4 6 8 9 10 12 13 15 16 17 | 17.0
Dodging        | 3 4 5 7 8 9 |  9.5
Stealth        | 3 4 5 6 7 |  7.8
Spellcasting   | 4 5 7 9 10 12 14 | 14.3
Evocations     | 1 2 4 5 6 8 |  8.3
Conjurations   | 3 5 7 |  7.9
Fighting       | |  0.4

Action                   |  1- 3 |  4- 6 |  7- 9 | 10-12 || total
-------------------------+-------+-------+-------+-------++-------
Melee: Lance             |       |     2 |       |       ||     2
 Cast: Sticky Flame      |       |     4 |     6 |       ||    10
       Foxfire           |       |     1 |       |       ||     1
       Fireball          |       |     3 |    14 |       ||    17
Evoke: Wand              |     2 |       |     1 |     2 ||     5
       Lightning rod     |     2 |     6 |     2 |       ||    10
  Use: Scroll            |       |     1 |       |       ||     1
Armor: Robe              |       |     4 |       |       ||     4
Dodge: Dodged            |       |     6 |     5 |       ||    11

Table legend: (Time is in decaauts)
 A = Elapsed time spent in this place.
 B = Non-inter-level travel time spent in this place.
 C = Inter-level travel time spent in this place.
 D = Time resting spent in this place.
 E = Time spent auto-exploring this place.
 F = Levels seen in this place.
 G = Mean time per level.
                   A        B        C        D        E       F      G
               +--------+--------+--------+--------+--------+-----+--------+
         Total |   1084 |   1084 |      0 |    847 |      0 |   1 | 1084.0 |
       Dungeon |   1084 |   1084 |      0 |    847 |      0 |   1 | 1084.0 |
               +--------+--------+--------+--------+--------+-----+--------+

Top non-repeatable levels by time:
       D: 1084 daAuts
